General information
- name: BNet
- type: Ladder team game (AT/RT)
- host: Battle.net
- saver: REAL.SCARy
map: GnollWood
- players: 4
- length: 17:57
- speed: Fast
- version: 1.23 W3XP
- replay type: Public
» download(103 KB)
Players
team 1 (winner)

»
REAL.SCARy (
orange | 124 APM | 2220 actions | 17:57)
5 Death Knight
3 Death Coil
2 Unholy Aura
4 Lich
2 Frost Nova
2 Dark Ritual
» actions
| Assign group hotkey | 54 | |
| Basic commands | 362 | |
| Build / train | 74 | |
| ESC pressed | 4 | |
| Enter build submenu | 24 | |
| Enter hero's abilities submenu | 9 | |
| Give item / drop item | 3 | |
| Right click | 578 | |
| Select / deselect | 358 | |
| Select group hotkey | 664 | |
| Use ability | 90 | |
2220 total
» units
| Acolyte | 5 | |
| Ghoul | 9 | |
| Crypt Fiend | 20 | |
| Obsidian Statue | 2 | |
| Abomination | 3 | |
| Frost Wyrm | 2 | |
41 total
» upgrades
| Creature Attack | 2 | |
| Burrow | 2 | |
| Web | 1 | |
5 total
» buildings
| Crypt | 1 | |
| Graveyard | 1 | |
| Altar of Darkness | 1 | |
| Ziggurat | 8 | |
| Tomb of Relics | 1 | |
| Halls of the Dead | 2 | |
| Black Citadel | 5 | |
| Slaughterhouse | 1 | |
| Sacrificial Pit | 1 | |
| Boneyard | 1 | |
22 total
» build order
00:04 Crypt
00:10 Graveyard
00:44 Altar of Darkness
00:55 Ziggurat
01:26 Tomb of Relics
01:59 Ziggurat
04:04 Halls of the Dead
04:32 Ziggurat
06:18 Ziggurat
06:39 Black Citadel
06:40 Black Citadel
06:40 Black Citadel
07:03 Slaughterhouse
07:59 Ziggurat
12:12 Sacrificial Pit
13:15 Boneyard
13:59 Ziggurat
15:23 Ziggurat
15:24 Ziggurat
» items
| Rod of Necromancy | 3 | |
| Orb of Corruption | 1 | |
| Potion of Healing | 1 | |
5 total
C_MEH9I_XBATuT (
yellow | 105 APM | 1883 actions | 17:56)
6 Dreadlord
2 Sleep
3 Vampiric Aura
1 Inferno
» actions
| Assign group hotkey | 25 | |
| Basic commands | 417 | |
| Build / train | 58 | |
| ESC pressed | 3 | |
| Enter build submenu | 15 | |
| Enter hero's abilities submenu | 6 | |
| Remove unit from queue | 1 | |
| Right click | 251 | |
| Select / deselect | 302 | |
| Select group hotkey | 710 | |
| Use ability | 95 | |
1883 total
» units
| Acolyte | 3 | |
| Ghoul | 20 | |
| Obsidian Statue | 4 | |
| Meatwagon | 5 | |
32 total
» upgrades
| Cannibalize | 1 | |
| Unholy Strength | 1 | |
| Destroyer Form | 1 | |
| Ghoul Frenzy | 2 | |
5 total
» buildings
| Crypt | 1 | |
| Ziggurat | 6 | |
| Altar of Darkness | 1 | |
| Halls of the Dead | 2 | |
| Graveyard | 1 | |
| Black Citadel | 4 | |
| Nerubian Tower | 1 | |
| Spirit Tower | 1 | |
| Tomb of Relics | 1 | |
| Slaughterhouse | 2 | |
20 total
» build order
00:11 Crypt
00:25 Ziggurat
00:33 Altar of Darkness
01:13 Ziggurat
02:27 Halls of the Dead
02:27 Halls of the Dead
03:12 Graveyard
03:54 Ziggurat
04:58 Black Citadel
04:58 Black Citadel
05:21 Nerubian Tower
05:22 Spirit Tower
06:09 Black Citadel
06:10 Black Citadel
06:26 Tomb of Relics
06:32 Slaughterhouse
07:02 Slaughterhouse
10:07 Ziggurat
14:13 Ziggurat
16:21 Ziggurat
» items
team 2 (loser)
Lantiti (
green | 114 APM | 2048 actions | 17:56)
4 Paladin
2 Holy Light
2 Divine Shield
» actions
| Assign group hotkey | 88 | |
| Basic commands | 380 | |
| Build / train | 48 | |
| Enter build submenu | 15 | |
| Enter hero's abilities submenu | 4 | |
| Give item / drop item | 2 | |
| Right click | 441 | |
| Select / deselect | 245 | |
| Select group hotkey | 763 | |
| Use ability | 62 | |
2048 total
» units
| Peasant | 16 | |
| Footman | 2 | |
| Rifleman | 7 | |
25 total
» upgrades
» buildings
| Altar of Kings | 1 | |
| Barracks | 2 | |
| Farm | 5 | |
| Lumber Mill | 1 | |
| Scout Tower | 1 | |
| Blacksmith | 1 | |
| Arcane Tower | 2 | |
| Town Hall | 2 | |
| Keep | 5 | |
| Arcane Vault | 1 | |
21 total
» build order
00:07 Altar of Kings
00:21 Barracks
00:36 Farm
00:48 Lumber Mill
00:55 Farm
02:09 Scout Tower
02:17 Blacksmith
02:31 Barracks
02:38 Arcane Tower
02:45 Farm
03:28 Farm
05:21 Town Hall
05:33 Farm
06:18 Keep
06:18 Keep
06:18 Keep
10:34 Town Hall
11:44 Arcane Vault
» items

»
Nbiz.low (
pink | 105 APM | 1364 actions | 13:02)
3 Priestess of the Moon
2 Trueshot Aura
1 Searing Arrows
» actions
| Assign group hotkey | 47 | |
| Basic commands | 125 | |
| Build / train | 71 | |
| Enter build submenu | 15 | |
| Enter hero's abilities submenu | 3 | |
| Right click | 476 | |
| Select / deselect | 312 | |
| Select group hotkey | 280 | |
| Use ability | 35 | |
1364 total
» units
| Wisp | 10 | |
| Huntress | 22 | |
| Druid of the Claw | 3 | |
35 total
» upgrades
| Ultravision | 1 | |
| Strength of the Moon | 1 | |
| Druid of the Claw Training | 2 | |
4 total
» buildings
| Altar of Elders | 1 | |
| Moon Well | 4 | |
| Hunter's Hall | 1 | |
| Ancient of War | 2 | |
| Tree of Ages | 5 | |
| Ancient of Wonders | 1 | |
| Ancient of Lore | 2 | |
| Tree of Eternity | 3 | |
19 total
» build order
00:06 Altar of Elders
00:19 Moon Well
01:53 Hunter's Hall
01:55 Ancient of War
01:59 Ancient of War
02:13 Moon Well
03:06 Moon Well
05:50 Moon Well
06:12 Tree of Ages
06:12 Tree of Ages
06:12 Tree of Ages
06:13 Tree of Ages
07:52 Ancient of Wonders
08:43 Ancient of Lore
09:46 Tree of Eternity
09:46 Tree of Eternity
09:46 Tree of Eternity
10:16 Ancient of Lore
» items
| Scroll of Town Portal | 5 | |
| Scroll of Protection | 1 | |
| Scroll of Healing | 1 | |
| Staff of Preservation | 1 | |
| Potion of Lesser Invulnerability | 1 | |
9 total
Chat log
(00:07 / All) REAL.SCARy: LOL HAI GUYZ
(00:24 / All) REAL.SCARy: HOWS AVRYONE DOIG
(00:31 / All) REAL.SCARy: LOLOLOL CMON I FEEL SUPAR LONELY
(00:33 / All) REAL.SCARy: DATS WHY I PLAY RT
(00:35 / All) REAL.SCARy: LOTS OF FRIENDS
(00:38 / All) REAL.SCARy: ISTEAD OF JUST 1 :D:D:D
(00:43 / Allies) C_MEH9I_XBATuT: )
(00:58 / All) REAL.SCARy: ALL IG ET
(01:01 / All) REAL.SCARy: IS A BANANA LOOKING THING
(01:01 / All) REAL.SCARy: ZOMG
(01:05 / All) REAL.SCARy: SO DEPRESSED :*(
(01:11 / All) REAL.SCARy: U KNOW UICIDES IN MY CUONTRY
(01:12 / All) REAL.SCARy: RECORD HIGH
(01:13 / All) REAL.SCARy: :(
(01:13 / All) REAL.SCARy: :(
(01:14 / All) REAL.SCARy: :(
(01:14 / All) REAL.SCARy: :(
(01:15 / All) REAL.SCARy: :(
(01:15 / All) REAL.SCARy: :(
(01:16 / All) REAL.SCARy: :(
(01:19 / All) REAL.SCARy: PPL NEED MORE FIRENDLY LOL
(01:29 / All) REAL.SCARy: IAM THE INTERNETS :D
(01:36 / All) REAL.SCARy: INTARNE == HAPPEY :D:D
(01:38 / All) C_MEH9I_XBATuT: from?
(01:41 / All) REAL.SCARy: USA
(01:42 / All) REAL.SCARy: USA
(01:42 / All) REAL.SCARy: USA
(01:42 / All) REAL.SCARy: USA
(01:45 / All) REAL.SCARy: #! #1 #1
(01:48 / All) C_MEH9I_XBATuT: russia
(01:54 / All) REAL.SCARy: LOL NICE
(02:08 / All) REAL.SCARy: SO WHEN ARE U GONNA HAVE ENOUGH MONEY TO MOVE TOO AMERICA
(02:12 / All) REAL.SCARy: AND BE FRIENDS WITH AVERYONE HERE :D
(02:14 / All) REAL.SCARy: WERE SO NICE :D:D:D:D
(03:14 / Allies) C_MEH9I_XBATuT: potm
(03:17 / All) REAL.SCARy: K
(03:19 / All) REAL.SCARy: HAI POTM
(03:29 / All) REAL.SCARy: MB WE CAN B FRIENDS???
(03:30 / Allies) C_MEH9I_XBATuT: hes dead
(03:36 / All) REAL.SCARy: NOOO
(03:37 / All) REAL.SCARy: DEAD POTM
(03:38 / All) REAL.SCARy: :(
(03:38 / All) REAL.SCARy: :(
(03:38 / All) REAL.SCARy: :(
(03:39 / All) REAL.SCARy: :(
(03:39 / All) REAL.SCARy: :(
(03:43 / All) REAL.SCARy: MY ONLY FRIEND
(03:44 / All) REAL.SCARy: LOST
(03:45 / All) REAL.SCARy: FOREVER
(03:46 / All) REAL.SCARy: WHY
(03:46 / All) REAL.SCARy: WHY
(03:47 / All) REAL.SCARy: WHY
(03:52 / All) REAL.SCARy: HOW COULD U DO THIS BLZIZARD
(04:01 / All) REAL.SCARy: LIEK
(04:02 / All) REAL.SCARy: WTF LOL
(04:25 / All) REAL.SCARy: POTM I LOVE YOU!!!!!
(05:13 / All) REAL.SCARy: ZOMG
(05:13 / All) REAL.SCARy: ZOMG
(05:15 / All) REAL.SCARy: POTM
(05:17 / All) REAL.SCARy: WE R UNDAR ATTACK
(05:38 / All) REAL.SCARy: I AM COMING FORRR UUUU
(05:42 / All) REAL.SCARy: MY LOVE
(07:18 / All) REAL.SCARy: OMG
(07:22 / All) REAL.SCARy: DESTROYING THE ENVIRONMENT
(07:25 / All) REAL.SCARy: TURNING NATURAL RESOURCE
(07:28 / All) REAL.SCARy: INTO WAR
(07:29 / All) REAL.SCARy: U SO BAD
(07:30 / All) REAL.SCARy: SO BAD
(07:31 / All) REAL.SCARy: SO BAD
(07:40 / All) REAL.SCARy: 1 GOLDMINE NOT ENOUGH WAR AND EVIL FOR U :(:(:(:(
(07:55 / All) REAL.SCARy: SEC IM KILLING THIS WAR
(08:43 / Allies) C_MEH9I_XBATuT: b
(09:27 / All) Lantiti: hacker?
(09:40 / All) REAL.SCARy: MAN
(09:42 / All) REAL.SCARy: SO MUCHNEGATIVITY
(09:44 / All) REAL.SCARy: I CANT HANDLE IT :(:(:(
(11:44 / Allies) C_MEH9I_XBATuT: wood
(12:49 / All) Lantiti: gg hackers
(12:57 / All) REAL.SCARy: :(:(:(
(12:59 / All) REAL.SCARy: WHY SO NEGATIVBE
(12:59 / All) REAL.SCARy: MAN
(13:01 / All) REAL.SCARy: THISS IOS TT
(13:19 / All) Lantiti: coz one of both of you are hacker..
(13:24 / All) Lantiti: its obvious
(13:24 / All) REAL.SCARy: WAT ??
(13:27 / All) REAL.SCARy: I FUOND U EXPO CREEPING MAN
(13:29 / All) REAL.SCARy: STOP BEING SO SADDDD
(13:34 / All) REAL.SCARy: UR IN THE CAPTIVITY
(13:36 / All) REAL.SCARy: OF NEGATIVITY
(13:42 / All) REAL.SCARy: ITS TIME TO BREAK OUT YOU SHELL
(13:44 / All) Lantiti: gg, hacker
(13:48 / All) REAL.SCARy: :(:(:(
(13:49 / All) REAL.SCARy: PLZ BE HAPPY
(13:56 / All) Lantiti: :) hacker
(14:05 / All) REAL.SCARy: :((((
(16:00 / All) REAL.SCARy: PLZ CMON
(16:02 / All) REAL.SCARy: I WANT U TO LIKE ME
(16:04 / All) REAL.SCARy: I RLY DO
(16:05 / All) REAL.SCARy: I THINK
(16:08 / All) REAL.SCARy: HAPINESS SHOULD BE SPRED THRU THE WORLD
(17:39 / All) REAL.SCARy: I DONT THINK UR EVEN HERE :DDDD
(17:43 / All) REAL.SCARy: IM SO LONELY